 Dungeon Sprint DCSS version 0.31-a0-18-gea43df2a32 (webtiles) character file.

Game seed: 3077169397848569633

420 sircluck the Grappler (level 6, -7/71 HPs)
             Began as a Troll Berserker on May 9, 2023.
             Was an Elder of Trog.
             Mangled by a two-headed ogre
             ... wielding a +0 giant spiked club
              (10 damage)
             ... in the Dungeon (Sprint IX: "|||||||||||||||||||||||||||||").
             The game lasted 00:00:54 (153 turns).

sircluck the Grappler (Troll Berserker)              Turns: 153, Time: 00:00:55

Health: -7/71      AC:  6    Str: 28    XL:     6   Next: 62%
Magic:  5/5        EV: 12    Int:  3    God:    Trog [****..]
Gold:   0          SH:  0    Dex: 12    Spells: 5/5 levels left

rFire   . .          .
                       - Unarmed
rCold   . . .        (no shield)
rNeg    . . .        a - +0 animal skin
rPois   .            (helmet restricted)
rElec   .            (no cloak)
rCorr   .            (gloves unavailable)
SInv    .            (boots unavailable)
Will    .....        (no amulet)
Stlth   +            j - +2 ring of protection
HPRegen 1.11/turn    k - +3 ring of dexterity
MPRegen 0.09/turn

%: no teleportation
@: slowed, very slow
A: large, unfitting armour, claws 3, regeneration 1, shaggy fur 1, tough skin 1
a: Renounce Religion, Berserk, Trog's Hand, Brothers in Arms


You were in the Dungeon.
You worshipped Trog.
Trog was greatly pleased with you.
You visited 1 branch

Inventory:

Armour
 a - a +0 animal skin (worn)
Jewellery
 j - a +2 ring of protection (left claw)
 k - a +3 ring of dexterity (right claw)
Wands
 i - a wand of quicksilver (10)
Scrolls
 g - 2 scrolls of blinking
Potions
 b - 5 potions of curing
 c - 2 potions of heal wounds
 d - a potion of haste
 e - 4 potions of magic
 f - a potion of berserk rage
 h - a potion of invisibility


   Skills:
 + Level 7.1 Fighting
 + Level 7.1 Dodging
 + Level 9.5 Unarmed Combat


You had 5 spell levels left.
You didn't know any spells.
Your spell library was empty.

Dungeon Overview and Level Annotations

Branches:
Dungeon (1/1)

Altars:
Cheibriados
Dithmenos
Elyvilon
Fedhas
Gozag
Hepliaklqana
Kikubaaqudgha
Makhleb
Nemelex Xobeh
Okawaru
Qazlal
Ru
Sif Muna
Trog
Uskayaw
Vehumet
Wu Jian
Xom
Yredelemnul
Zin
The Shining One
Jiyva
Lugonu


Innate Abilities, Weirdness & Mutations

You are too large for most types of armour.
You have claws for hands.
Your natural rate of healing is unusually fast.
You are covered in fur. (AC +1)
You have tough skin. (AC +1)


Message History

The wraith is almost destroyed.
The wraith hits you. The wraith drains your vigour!
You feel as though you will be slow longer.
You mangle the wraith!!
You destroy the wraith!
Trog accepts your kill. The wyvern closely misses you.
Your Fighting skill increases to level 6!
Your Dodging skill increases to level 6!
Your Unarmed Combat skill gained 2 levels and is now at level 8!
You have reached level 5!
You have reached level 6!
You feel stronger.
Unknown command.
You closely miss the wyvern. Your claw misses the wyvern. The wyvern bites you!
* * * LOW HITPOINT WARNING * * *
The wyvern misses you.
Unknown command.
You closely miss the wyvern. The wyvern closely misses you.
The wyvern misses you.
You claw the wyvern!
The wyvern is heavily wounded.
The wyvern bites you!
* * * LOW HITPOINT WARNING * * *
The wyvern barely misses you.
Unknown command.
You feel much better. The wyvern bites you! The wyvern closely misses you.
Unknown command.
You mangle the wyvern!!
You kill the wyvern!
Trog accepts your kill.
Your Fighting skill increases to level 7!
Your Dodging skill increases to level 7!
Your Unarmed Combat skill increases to level 9!
Unknown command.
The two-headed ogre attacks as you move away!
The two-headed ogre hits you with a +0 giant spiked club!!
* * * LOW HITPOINT WARNING * * *
The two-headed ogre hits you with a +0 giant club!
You die... ▓▓▓▓▓▓▓▓▓▓▓▓▓▓▓▓▓▓▓▓▓▓▓▓▓ ..y.y{†O@[[[.)?.'________ ▓▓▓▓▓▓▓▓▓▓▓▓▓▓▓▓▓▓▓▓▓▓▓▓▓

You could see a two-headed ogre and 2 killer bees.

Vanquished Creatures
  A wraith (D)
  A wyvern (D)
  An ogre (D)
  An orc wizard (D)
  A gnoll (D)
  An orc (D)
  2 endoplasms (D)
  A goblin (D)
  A kobold (D)
  A quokka (D)
  A frilled lizard (D)
12 creatures vanquished.

Notes
Turn   | Place    | Note
-------+----------+-------------------------------------------
     0 | D        | sircluck the Troll Berserker began the quest for the Orb.
     0 | D        | Reached XP level 1. HP: 22/22 MP: 0/0
     8 | D        | Reached ** piety under Trog
    20 | D        | Noticed an ogre
    20 | D        | Noticed an orc wizard
    22 | D        | Reached XP level 2. HP: 31/31 MP: 1/1
    27 | D        | Reached *** piety under Trog
    54 | D        | Reached skill level 4 in Unarmed Combat
    54 | D        | Reached XP level 3. HP: 38/39 MP: 2/2
    62 | D        | Reached skill level 5 in Unarmed Combat
    64 | D        | Killed an ogre
    64 | D        | Reached **** piety under Trog
    65 | D        | Reached skill level 5 in Fighting
    65 | D        | Reached skill level 5 in Dodging
    65 | D        | Reached skill level 6 in Unarmed Combat
    65 | D        | Reached XP level 4. HP: 34/50 MP: 3/3
    85 | D        | Found a snail-covered altar of Cheibriados.
    85 | D        | Found a shadowy altar of Dithmenos.
    85 | D        | Found a white marble altar of Elyvilon.
    85 | D        | Found a blossoming altar of Fedhas.
    85 | D        | Found an opulent altar of Gozag.
    86 | D        | Found a hazy altar of Hepliaklqana.
    87 | D        | Found a viscous altar of Jiyva.
    88 | D        | Found an ancient bone altar of Kikubaaqudgha.
    89 | D        | Found a corrupted altar of Lugonu.
    90 | D        | Found a burning altar of Makhleb.
    91 | D        | Found a sparkling altar of Nemelex Xobeh.
    92 | D        | Found an iron altar of Okawaru.
    93 | D        | Found a stormy altar of Qazlal.
    94 | D        | Found a sacrificial altar of Ru.
    95 | D        | Found a shimmering blue altar of Sif Muna.
    96 | D        | Found a bloodstained altar of Trog.
    97 | D        | Found a hide-covered altar of Uskayaw.
    98 | D        | Found a radiant altar of Vehumet.
    99 | D        | Found an ornate altar of the Wu Jian Council.
   100 | D        | Found a shimmering altar of Xom.
   101 | D        | Found a basalt altar of Yredelemnul.
   102 | D        | Found a glowing silver altar of Zin.
   103 | D        | Found a glowing golden altar of the Shining One.
   129 | D        | Noticed a two-headed ogre
   129 | D        | Noticed a wyvern
   129 | D        | Noticed a wraith
   146 | D        | Killed a wraith
   147 | D        | Reached skill level 8 in Unarmed Combat
   147 | D        | Reached XP level 5. HP: 23/61 MP: 4/4
   147 | D        | Reached XP level 6. HP: 25/68 MP: 5/5
   151 | D        | Killed a wyvern
   152 | D        | Reached skill level 9 in Unarmed Combat
   153 | D        | HP: 3/71 [two-headed ogre/+0 giant spiked club (24)]
   153 | D        | Mangled by a two-headed ogre

Illustrated notes

Levels and vault maps discovered:
D:        linesprint [early_d, line_temple, items_1, d_10, items_2, lair_1,
          lair_end, items_3, orc_1, orc_end, items_4, d_15, swamp_1, shoals_1,
          snake_1, spider_1, d_20, vaults_1, items_5, swamp_end, shoals_end,
          snake_end, spider_end, vaults_end, d_27, items_6, zot_1, zot_end,
          crypt_end, forest_end, elf_end, slime_end, tomb_end, abyss_end,
          pan_hell_end]

Skill      XL: |  1  2  3  4  5  6 |
---------------+-------------------+-----
Fighting       | 3 5 6 7 |  7.1
Dodging        | 3 5 6 7 |  7.1
Unarmed Combat | 4 6 8 9 |  9.5

Action                     |  1- 3 |  4- 6 || total
---------------------------+-------+-------++-------
  Melee: Unarmed           |    49 |    21 ||    70
         Punch             |     4 |     1 ||     5
    Use: Potion            |       |     1 ||     1
 Armour: Animal skin       |    14 |     3 ||    17
  Dodge: Dodged            |     9 |    15 ||    24

Table legend: (Time is in decaauts)
 A = Elapsed time spent in this place.
 B = Non-inter-level travel time spent in this place.
 C = Inter-level travel time spent in this place.
 D = Time resting spent in this place.
 E = Time spent auto-exploring this place.
 F = Levels seen in this place.
 G = Mean time per level.
                   A        B        C        D        E       F      G
               +--------+--------+--------+--------+--------+-----+--------+
         Total |    153 |    153 |      0 |      0 |     29 |   1 |  153.0 |
       Dungeon |    153 |    153 |      0 |      0 |     29 |   1 |  153.0 |
               +--------+--------+--------+--------+--------+-----+--------+

Top non-repeatable levels by time:
       D: 153 daAuts
